 Dungeon Crawl Stone Soup version 0.21.0-3-g78d12a8 (webtiles) character file.

20431 MTVSty1e the Severer (level 13, -5/104 HPs)
             Began as a Formicid Fighter on Jan 10, 2018.
             Was a High Priest of Okawaru.
             Slain by Agnes
             ... wielding a +2 lajatang of electrocution
              (13 damage)
             ... on level 14 of the Dungeon.
             The game lasted 00:26:24 (14590 turns).

MTVSty1e the Severer (Formicid Fighter)            Turns: 14590, Time: 00:26:24

Health: -5/104     AC: 19    Str: 27    XL:     13   Next: 12%
Magic:  17/17      EV: 14    Int:  7    God:    Okawaru [*****.]
Gold:   587        SH: 14    Dex: 16    Spells: 12/12 levels left

rFire    + . .     SeeInvis +   s - +0 battleaxe
rCold    . . .     Gourm    .   c - +0 shield
rNeg     . . .     Faith    .   z - +4 scale mail {rPois}
rPois    +         Spirit   .   (helmet unavailable)
rElec    .         Reflect  .   E - +2 cloak
rCorr    .         Harm     .   (no gloves)
MR       +....                  O - +1 pair of boots {Fly}
Stlth    ++........             (no amulet)
HPRegen  0.27/turn              G - ring of protection from fire
MPRegen  0.15/turn              q - +6 ring of dexterity

@: heroism, flying
A: permanent stasis, dig shafts and tunnels, four strong arms, antennae 3
a: Dig, Shaft Self, Heroism, Finesse, Renounce Religion, Stop Flying


You were on level 14 of the Dungeon.
You worshipped Okawaru.
Okawaru was extremely pleased with you.
You were hungry.

You visited 1 branch of the dungeon, and saw 15 of its levels.

You collected 587 gold pieces.

Inventory:

Hand Weapons
 a - a +1 war axe
 h - a +4 war axe
 s - a +0 battleaxe (weapon)
 D - a +2 flail of protection
 H - a +1 war axe of chopping
 I - a +3 antimagic broad axe
Armour
 c - a +0 shield (worn)
 z - a +4 scale mail of poison resistance (worn)
 E - a +2 cloak (worn)
 O - a +1 pair of boots of flying (worn)
 Q - the cursed +0 helmet of the King {rPois rCorr Str-2 SInv}
   (You found it on level 14 of the Dungeon)

   It affects your strength (-2).
   It protects you from poison.
   It lets you see invisible.
   It protects you from acid and corrosion.
   It has a curse placed upon it.
Jewellery
 g - a +2 ring of intelligence
 q - a +6 ring of dexterity (right hand)
 v - an uncursed ring of resist corrosion
 G - a ring of protection from fire (left hand)
 L - a cursed -2 ring of dexterity
Wands
 d - a wand of enslavement (12)
 e - a wand of iceblast (15)
 n - a wand of digging (9)
 x - a wand of disintegration (26)
 y - a wand of flame (74)
 C - a wand of polymorph (28)
 F - a wand of scattershot (5)
 P - a wand of clouds (5)
Scrolls
 b - a scroll of fog
 i - 2 scrolls of fear
 j - 3 scrolls of amnesia
 p - 7 scrolls of remove curse
 u - a scroll of enchant weapon
 J - a scroll of enchant armour
Potions
 l - 2 potions of curing
 o - 3 potions of flight
 r - 4 potions of lignification
 w - a potion of brilliance
 A - 2 potions of invisibility
 B - 3 potions of resistance
 M - a potion of magic
 N - a potion of berserk rage
Books
 k - a book of Debilitation

   Spells                             Type                      Level
   a - Corona                         Hexes                        1
   b - Slow                           Hexes                        2
   c - Inner Flame                    Hexes/Fire                   3
   d - Portal Projectile              Hexes/Translocation          3
   e - Cause Fear                     Hexes                        4
   f - Leda's Liquefaction            Hexes/Earth                  4
 m - a book of Conjurations

   Spells                             Type                      Level
   a - Magic Dart                     Conjuration                  1
   b - Searing Ray                    Conjuration                  2
   c - Dazzling Spray                 Conjuration/Hexes            3
   d - Fulminant Prism                Conjuration/Hexes            4
   e - Force Lance                    Conjuration/Translocation    4
   f - Iskenderun's Mystic Blast      Conjuration                  4
Comestibles
 f - 11 rations


   Skills:
 + Level 10.6(15.6) Fighting
 * Level 16.0(21.0) Axes
 + Level 6.2(11.2) Armour
 + Level 6.9(11.9) Shields
 + Level 5.6 Invocations


You had 12 spell levels left.
You didn't know any spells.

Dungeon Overview and Level Annotations

Branches:
Dungeon (15/15)            Temple (0/1) D:5            Lair (0/6) D:8
    Orc (0/2) D:9
 Vaults: D:13-14     Depths: D:15

Altars:
Makhleb
Okawaru
Qazlal
Xom
Yredelemnul
Beogh

Shops:
D:10 %   D:15 =

Annotations:
D:14 Agnes


Innate Abilities, Weirdness & Mutations

You cannot be hasted, slowed, berserked, paralysed or teleported.
You can dig through walls and to a lower floor.
Your four strong arms can wield two-handed weapons with a shield.
You have a pair of large antennae on your head. (SInv)


Message History

Agnes hits you with a lajatang of electrocution.
* * * LOW HITPOINT WARNING * * *
Agnes hits you but does no damage.
Agnes hits you with a lajatang of electrocution!
* * * LOW HITPOINT WARNING * * *
You bump into the rock wall.
You feel less invigorated.
You feel less confused. Agnes barely misses you. You block Agnes's attack.
You hit Agnes but do no damage.
Agnes is lightly wounded.
You block Agnes's attack.
You slash Agnes!
Agnes is moderately wounded.
You block Agnes's attack.
You miss Agnes.
Agnes is moderately wounded.
Agnes hits you with a lajatang of electrocution.
* * * LOW HITPOINT WARNING * * *
You are electrocuted!
You die...

*,****,*,,,,#................
*,,,,,,*,,,,+..###..........)
*,,,,,,##+###.......##.......
*,,,,,,.............##.......
*,,,,,,,.........†..##.......
*,,,,.,,,,##........##.......
*,,,,...,,*#........##.......
*,,,,.....##........##.......
*,,,,......i@................
*****########################


You could see Agnes.

Vanquished Creatures
  A hydra (D:14)
  A yaktaur captain (D:15)
  3 centaur warriors
  2 two-headed ogres (D:8)
  A fire crab (shapeshifter) (D:13)
  5 ugly things
  The ghost of NormalPerson7 the Ruffian, a novice TrWr (D:5)
  2 manticores
  2 centaur zombies
  A gargoyle (D:14)
  4 trolls
  2 hornets (D:9)
  Grinder (D:4)
  3 hippogriffs
  2 slime creatures (D:12)
  Sigmund (D:2)
  A wyvern (D:11)
  A fire elemental (D:15)
  A spriggan (D:7)
  2 shadows (D:15)
  A basilisk (D:15)
  A steam dragon (D:10)
  2 hungry ghosts
  Edmund (D:4)
  Duvessa (D:4)
  3 sky beasts
  5 orc warriors
  2 ice beasts
  A necrophage (D:7)
  3 phantoms
  7 ogres
  9 centaurs
  A crocodile (D:9)
  3 big kobolds
  9 bullfrogs
  A wyvern zombie (D:13)
  Dowan (D:4)
  5 scorpions
  A wyvern skeleton (D:8)
  8 killer bees
  2 howler monkeys
  4 wights (D:7)
  An electric eel (D:15)
  A lava snake (D:15)
  5 crimson imps
  9 hounds
  Crazy Yiuf (D:2)
  12 orc priests
  4 jellies
  2 bullfrog skeletons
  2 centaur skeletons
  7 iguanas
  18 orc wizards
  Natasha (thrice) (D:4)
  9 worker ants
  A hound zombie (D:10)
  3 hound skeletons
  Robin (D:4)
  7 gnolls
  17 adders
  5 shadow imps
  An ooze (D:4)
  3 adder skeletons
  2 adder zombies (D:9)
  3 worms
  2 dart slugs
  5 leopard geckos
  64 orcs
  2 ball pythons
  8 bats
  8 giant cockroaches
  13 goblins
  8 hobgoblins
  13 jackals
  22 kobolds
  4 quokkas
  4 frilled lizards
  2 leopard gecko skeletons
  6 rats
386 creatures vanquished.

Notes
Turn   | Place    | Note
-------+----------+-------------------------------------------
     0 | D:1      | MTVSty1e the Formicid Fighter began the quest for the Orb.
     0 | D:1      | Reached XP level 1. HP: 18/18 MP: 1/1
   136 | D:1      | Reached XP level 2. HP: 22/24 MP: 2/2
   308 | D:1      | Reached skill level 3 in Axes
   626 | D:2      | Reached XP level 3. HP: 29/29 MP: 3/3
   752 | D:2      | Found a runed door.
   909 | D:2      | Noticed Sigmund
   925 | D:2      | Killed Sigmund
   925 | D:2      | Reached skill level 5 in Axes
   925 | D:2      | Reached XP level 4. HP: 4/35 MP: 4/4
   925 | D:2      | Reached XP level 5. HP: 4/41 MP: 5/5
  1153 | D:2      | Reached XP level 6. HP: 39/47 MP: 6/6
  1555 | D:2      | Noticed Crazy Yiuf
  1565 | D:2      | Killed Crazy Yiuf
  1565 | D:2      | Reached skill level 6 in Axes
  2209 | D:3      | Reached XP level 7. HP: 52/52 MP: 7/7
  2375 | D:4      | Reached skill level 7 in Axes
  2422 | D:4      | Found an iron altar of Okawaru.
  2428 | D:4      | Became a worshipper of Warmaster Okawaru
  2465 | D:4      | Noticed Robin
  2492 | D:4      | Killed Robin
  2540 | D:4      | Noticed Duvessa
  2541 | D:4      | Noticed Dowan
  2563 | D:4      | Killed Duvessa
  2563 | D:4      | Reached skill level 8 in Axes
  2567 | D:4      | Killed Dowan
  2567 | D:4      | Reached * piety under Okawaru
  2828 | D:4      | Noticed Natasha
  2834 | D:4      | Killed Natasha
  2953 | D:4      | Reached XP level 8. HP: 42/58 MP: 8/8
  2975 | D:4      | Noticed Natasha
  2980 | D:4      | Killed Natasha
  3081 | D:4      | Noticed Grinder
  3101 | D:4      | Killed Grinder
  3101 | D:4      | Reached skill level 9 in Axes
  3292 | D:4      | Noticed Natasha
  3295 | D:4      | Killed Natasha
  3300 | D:4      | Noticed Edmund
  3325 | D:4      | Killed Edmund
  3418 | D:4      | You fall through a shaft!
  3418 | D:5      | Entered Level 5 of the Dungeon
  3424 | D:5      | Found a basalt altar of Yredelemnul.
  3464 | D:5      | Noticed NormalPerson7's ghost (novice TrWr)
  3480 | D:5      | Killed NormalPerson7's ghost
  3480 | D:5      | Reached ** piety under Okawaru
  3480 | D:5      | Reached skill level 10 in Axes
  3480 | D:5      | Reached XP level 9. HP: 15/64 MP: 6/9
  4011 | D:5      | Reached skill level 11 in Axes
  4431 | D:5      | Found a staircase to the Ecumenical Temple.
  4453 | D:5      | Found a shimmering altar of Xom.
  4995 | D:6      | Reached *** piety under Okawaru
  5252 | D:6      | Found a burning altar of Makhleb.
  5461 | D:6      | Reached skill level 5 in Fighting
  5851 | D:6      | Reached skill level 12 in Axes
  6218 | D:7      | Reached XP level 10. HP: 75/75 MP: 10/10
  6390 | D:7      | Reached **** piety under Okawaru
  7116 | D:7      | Reached skill level 13 in Axes
  7274 | D:8      | Noticed a two-headed ogre
  7287 | D:8      | Killed a two-headed ogre
  7313 | D:8      | Reached ***** piety under Okawaru
  7641 | D:8      | Found a staircase to the Lair.
  7707 | D:8      | Noticed a two-headed ogre
  7717 | D:8      | Killed a two-headed ogre
  7717 | D:8      | Reached XP level 11. HP: 71/86 MP: 8/11
  8207 | D:9      | Reached skill level 14 in Axes
  8399 | D:9      | You fall through a shaft!
  8399 | D:10     | Entered Level 10 of the Dungeon
  8616 | D:10     | Found Naul's Food Boutique.
  8872 | D:10     | Found a stormy altar of Qazlal.
  9588 | D:9      | Found a staircase to the Orcish Mines.
  9602 | D:9      | Found a roughly hewn altar of Beogh.
 10607 | D:9      | Reached skill level 1 in Invocations
 11119 | D:11     | Noticed a manticore
 11134 | D:11     | You fall through a shaft for 3 floors!
 11485 | D:13     | Noticed a manticore
 11758 | D:14     | Reached skill level 15 in Axes
 11767 | D:13     | Noticed a fire crab
 11767 | D:13     | a hippogriff changed into a fire crab
 11776 | D:13     | Killed a manticore
 11776 | D:13     | Received a gift from Okawaru
 11779 | D:13     | Killed a fire crab
 11779 | D:13     | Reached XP level 12. HP: 58/96 MP: 10/14
 11958 | D:13     | Reached skill level 5 in Shields
 12235 | D:13     | Noticed a centaur warrior
 12246 | D:13     | Killed a centaur warrior
 12246 | D:13     | Reached ****** piety under Okawaru
 12339 | D:12     | Reached skill level 10 in Fighting
 12339 | D:12     | Reached skill level 5 in Armour
 12366 | D:12     | You are sucked into a shaft for 3 floors!
 12366 | D:15     | Entered Level 15 of the Dungeon
 12389 | D:15     | Noticed a centaur warrior
 12395 | D:15     | HP: 4/97 [centaur warrior (10)]
 12403 | D:15     | Killed a centaur warrior
 13221 | D:15     | Noticed a yaktaur captain
 13235 | D:15     | Killed a yaktaur captain
 13294 | D:15     | Noticed a centaur warrior
 13751 | D:15     | Killed a centaur warrior
 13751 | D:15     | Received a gift from Okawaru
 13751 | D:15     | Reached skill level 5 in Invocations
 13770 | D:15     | Reached XP level 13. HP: 16/104 MP: 15/17
 14176 | D:15     | Found Zoille's Jewellery Shoppe.
 14247 | D:14     | Got a crude helmet
 14353 | D:14     | Identified the cursed +0 helmet of the King {rPois rCorr Str-2 SInv} (You found it on level 14 of the Dungeon)
 14424 | D:14     | Noticed a four-headed hydra
 14436 | D:14     | Killed a four-headed hydra
 14436 | D:14     | Reached skill level 16 in Axes
 14565 | D:14     | Noticed Agnes
 14590 | D:14     | Slain by Agnes

Skill      XL: |  1  2  3  4  5  6  7  8  9 10 11 12 13 |
---------------+----------------------------------------+-----
Axes           | 3 5 6 8 10 12 13 15 16 | 16.0
Fighting       | 5 7 9 10 | 10.6
Shields        | 4 6 |  6.9
Invocations    | 2 5 |  5.6
Armour         | 4 5 6 |  6.2

Action                   |  1- 3 |  4- 6 |  7- 9 | 10-12 | 13-15 || total
-------------------------+-------+-------+-------+-------+-------++-------
Melee: War axe           |    53 |    99 |   324 |   531 |       ||  1007
       Battleaxe         |       |       |       |   178 |    41 ||   219
       Flail             |       |       |       |       |     8 ||     8
Invok: Heroism           |       |       |     1 |     9 |     1 ||    11
 Abil: Shaft Self        |       |       |       |     2 |       ||     2
  Use: Potion            |     1 |     1 |     1 |     5 |     1 ||     9
       Scroll            |       |       |    15 |     4 |     8 ||    27
  Eat: Ration            |       |     2 |     3 |     7 |     1 ||    13
       Chunk             |       |       |     2 |     2 |       ||     4
Armor: Scale mail        |    19 |    63 |   105 |   253 |    17 ||   457
Dodge: Dodged            |    17 |    50 |    71 |   171 |    16 ||   325
Block: Shield            |    34 |    66 |   142 |   307 |    29 ||   578
